 Dungeon Crawl Stone Soup version 0.30.1 (webtiles) character file.

Game seed: 13243876224053187634

1610 Graphine the Purveyor of Pain (level 8, -2/58 HPs)
             Began as a Mummy Necromancer on July 5, 2023.
             Was an Initiate of Kikubaaqudgha.
             Slain by a killer bee (5 damage)
             ... on level 8 of the Dungeon.
             The game lasted 00:17:15 (6159 turns).

Graphine the Purveyor of Pain (Mummy Necromancer)   Turns: 6159, Time: 00:17:16

Health: -2/58      AC:  6    Str: 11    XL:     8   Next: 63%
Magic:  6/17       EV: 13    Int: 22    God:    Kikubaaqudgha [......]
Gold:   236        SH:  5    Dex: 13    Spells: 10/19 levels left

rFire   . . .        r - +5 quarterstaff (chaos)
rCold   + + .        (shield currently unavailable)
rNeg    + + +        n - +1 robe of the New World {rC+}
rPois   ∞            (no helmet)
rElec   .            q - +1 cloak
rCorr   .            (no gloves)
SInv    .            k - +0 pair of boots
Will    .....        j - amulet of reflection
Stlth   ++           i - ring of protection from fire
HPRegen 0.29/turn    v - +6 ring of intelligence
MPRegen 0.15/turn

%: reflection, faith
@: weak-willed, animating dead
A: cold resistance 1, negative energy resistance 3, torment resistance 2, heat
vulnerability 1, in touch with death 1, no potions, faith
a: Renounce Religion


You were on level 8 of the Dungeon.
You worshipped Kikubaaqudgha.
Kikubaaqudgha was noncommittal.
You visited 2 branches of the dungeon, and saw 9 of its levels.

You collected 236 gold pieces.

Inventory:

Hand Weapons
 b - a +2 club
 r - a +5 quarterstaff of chaos (weapon)
Missiles
 f - 2 throwing nets
Armour
 a - a +1 robe
 k - a +0 pair of boots (worn)
 n - the +1 robe of the New World (worn) {rC+}
   (You found it on level 4 of the Dungeon)

   rC:        It protects you from cold.
 q - a +1 cloak (worn)
Magical Staves
 d - a staff of death
Jewellery
 i - a ring of protection from fire (left hand)
 j - an amulet of reflection (around neck)
 v - a +6 ring of intelligence (right hand)
 x - a +6 ring of dexterity
Wands
 c - a wand of roots (18)
 m - a wand of paralysis (19)
 t - a wand of light (11)
 u - a wand of polymorph (7)
Scrolls
 e - a scroll of magic mapping
 g - 2 scrolls of amnesia
 l - 2 scrolls of identify
 o - 2 scrolls of enchant armour
 p - a scroll of blinking
 s - 2 scrolls of teleportation


   Skills:
 + Level 3.2 Fighting
 + Level 2.6 Staves
 + Level 2.6 Armour
 + Level 3.2 Dodging
 - Level 1.5 Stealth
 + Level 2.2 Shields
 * Level 6.4 Spellcasting
 * Level 6.4 Necromancy
 + Level 2.4 Evocations


You had 10 spell levels left.
You knew the following spells:

 Your Spells              Type           Power      Damage    Failure   Level
a - Necrotise             Necr           100%       1d9       1%          1
b - Vampiric Draining     Necr           52%        2d9       1%          3
c - Magic Dart            Conj           28%        1d4       9%          1
d - Animate Dead          Necr           52%        N/A       6%          4

Your spell library contained the following spells:

 Spells                   Type           Power      Damage    Failure   Level
 Call Imp                 Summ           14%        N/A       13%         2
 Agony                    Necr           52%        N/A       17%         5
 Mephitic Cloud           Conj/Pois/Air  7%         N/A       26%         3
 Olgreb's Toxic Radiance  Pois           7%         N/A       65%         4
 Discord                  Hex            3%         N/A       100%        8
 Ignition                 Fire           3%         3d4       100%        8


Dungeon Overview and Level Annotations

Branches:
Dungeon (8/15)             Temple (1/1) D:6
   Lair: D:8-11

Altars:
Ashenzari
Dithmenos
Fedhas
Kikubaaqudgha
Makhleb
Nemelex Xobeh
Okawaru
Ru
Sif Muna
Trog
Wu Jian
Xom
Yredelemnul
Ignis


Innate Abilities, Weirdness & Mutations

You are immune to poison.
Your flesh is cold resistant. (rC+)
You are immune to negative energy. (rN+++)
You are immune to unholy pain and torment.
You are vulnerable to heat. (rF-)
You are in touch with the powers of death.
You do not drink.
You have a special connection with the divine. (Faith)


Message History

Aiming: Necrotise (safe; 1% risk of failure)
Press: ? - help, Shift-Dir - straight line, f - killer bee
Aim: a killer bee (chance to affect: 88%)
You feel a surge of power!
The killer bee writhes in agony.
The killer bee stings you but does no damage.
The killer bee stings you. The killer bee closely misses you.
You block the killer bee's attack. The killer bee stings you.
You block the killer bee's attack.
Casting: Necrotise (safe; 1% risk of failure)
Confirm with . or Enter, or press ? or * to list all spells.
Aiming: Necrotise (safe; 1% risk of failure)
Press: ? - help, Shift-Dir - straight line, f/p - killer bee
Aim: a killer bee (lightly wounded, chance to affect: 88%)
You feel a surge of power!
The killer bee writhes in agony.
You block the killer bee's attack. The killer bee misses you.
You block the killer bee's attack.
The killer bee stings you but does no damage.
The killer bee stings you!
* * * LOW HITPOINT WARNING * * *
The killer bee closely misses you.
Casting: Necrotise (safe; 1% risk of failure)
Confirm with . or Enter, or press ? or * to list all spells.
Aiming: Necrotise (safe; 1% risk of failure)
Press: ? - help, Shift-Dir - straight line, f/p - killer bee
Aim: a killer bee (moderately wounded, chance to affect: 88%)
You feel a surge of power!
The killer bee writhes in agony!
The orc shouts!
You block the killer bee's attack. The killer bee completely misses you.
The killer bee misses you. The killer bee closely misses you.
An orc comes into view. It is wielding a +0 hand axe.
The killer bee barely misses you. The killer bee misses you.
You block the killer bee's attack.
The killer bee stings you but does no damage.
The killer bee stings you.
* * * LOW HITPOINT WARNING * * *
The killer bee stings you!
* * * LOW HITPOINT WARNING * * *
The killer bee stings you.
You die...
Kikubaaqudgha rasps: "You have failed me!
Welcome... oblivion!"

.........#
.........##
o.........##
...........#
.o......$..##
....!o......#
......y.....#
......y@...#
......y....#
......#####.#
.....# #
....# ..## #


You could see 3 killer bees and 3 orcs.

Vanquished Creatures
  Prince Ribbit (D:5)
  A sky beast (D:6)
  A black bear (D:5)
  3 ogres (D:6)
  A bullfrog (D:6)
  2 scorpions
  A killer bee (D:7)
  3 hounds
  Crazy Yiuf (D:5)
  4 iguanas
  Terence (D:3)
  A gnoll (D:5)
  6 adders
  A white imp (D:5)
  A worm (D:3)
  2 dart slugs
  12 orcs
  6 bats
  11 endoplasms
  6 giant cockroaches
  7 goblins
  8 hobgoblins
  4 jackals (D:2)
  5 quokkas
  4 ball pythons
  3 frilled lizards
  4 kobolds
  28 rats
128 creatures vanquished.

Vanquished Creatures (collateral kills)
  A centaur (D:6)
  A killer bee (D:7)
  A howler monkey (D:5)
  A hound (D:6)
  2 sleepcaps (D:5)
  An iguana (D:5)
  An orc wizard (D:5)
  A gnoll (D:5)
  A white imp (D:6)
  3 orcs (D:5)
  A bat (D:2)
  A rat (D:2)
15 creatures vanquished.

Vanquished Creatures (others)
  A black bear zombie (D:5)
  An orc wizard (D:5)
  An ogre zombie (D:6)
  A hound zombie (D:5)
  An iguana zombie (D:5)
  A gnoll zombie (D:5)
6 creatures vanquished.

Grand Total: 149 creatures vanquished

Notes
Turn   | Place    | Note
-------+----------+-------------------------------------------
     0 | D:1      | Graphine the Mummy Necromancer began the quest for the Orb.
     0 | D:1      | Reached XP level 1. HP: 13/13 MP: 4/4
   147 | D:1      | Reached XP level 2. HP: 15/19 MP: 5/5
   604 | D:1      | Gained mutation: You are in touch with the powers of death.
                  | [Mummy growth]
   604 | D:1      | Reached XP level 3. HP: 22/25 MP: 2/7
  1033 | D:1      | Learned a level 3 spell: Vampiric Draining
  1146 | D:2      | Learned a level 1 spell: Magic Dart
  1345 | D:2      | Reached skill level 1 in Fighting
  1652 | D:2      | Reached XP level 4. HP: 27/32 MP: 5/9
  1989 | D:2      | Reached skill level 1 in Staves
  2202 | D:2      | Identified a scroll of acquirement
  2202 | D:2      | Acquired a staff of death
  2254 | D:3      | Learned a level 4 spell: Animate Dead
  2323 | D:3      | Noticed Terence
  2329 | D:3      | Killed Terence
  2330 | D:3      | Reached skill level 1 in Armour
  2392 | D:3      | Reached XP level 5. HP: 37/37 MP: 8/10
  3296 | D:4      | Noticed a phantom
  3522 | D:4      | Reached skill level 1 in Evocations
  3528 | D:4      | Found a bloodstained altar of Trog.
  3617 | D:4      | Identified the +1 robe of the New World {rC+}
  3656 | D:4      | Found a sparkling altar of Nemelex Xobeh.
  3753 | D:5      | Entered Level 5 of the Dungeon
  3762 | D:5      | Reached skill level 5 in Necromancy
  3896 | D:5      | Reached XP level 6. HP: 44/44 MP: 8/12
  3957 | D:5      | Reached skill level 1 in Shields
  4117 | D:5      | Found a runed translucent door.
  4118 | D:5      | Noticed Crazy Yiuf
  4164 | D:5      | Killed Crazy Yiuf
  4165 | D:5      | Reached XP level 7. HP: 35/50 MP: 9/14
  4320 | D:5      | Reached skill level 5 in Spellcasting
  4415 | D:5      | Noticed Prince Ribbit
  4441 | D:5      | Killed Prince Ribbit
  5390 | D:6      | Reached XP level 8. HP: 57/57 MP: 9/16
  5401 | D:6      | Found a staircase to the Ecumenical Temple.
  5447 | Temple   | Entered the Ecumenical Temple
  5569 | Temple   | Became a worshipper of Kikubaaqudgha
  5804 | D:6      | Found a burning altar of Makhleb.
  6159 | D:8      | Slain by a killer bee

Illustrated notes

Levels and vault maps discovered:
D:1:      scummos_arrival_star, layout_loops_ring
D:2:      wad_river_or_something, layout_loops_ring, minmay_rat_hole
D:3:      minmay_spotlight, layout_rooms, uniq_terence
D:4:      layout_basic, mainiacjoe_overflow_catwalk,
          lemuel_coloured_pillars_altar
D:5:      layout_basic, uniq_crazy_yiuf_cottage, uniq_prince_ribbit1
D:6:      layout_rooms, zin_academy, lemuel_tele_altar, temple_pool_b,
          hangedman_decor_peaks_small, corexii_corridor_pit, item_on_display_a
D:7:      corexii_shack_village, layout_rooms, nicolae_overflow_crystal_walls,
          roderic_batcave, minmay_misc_feat_diagonals, minmay_checkerbox
D:8:      layout_layer_cave, grunt_ogre_cave, skrybe_limestone_x
Temple:   ebering_untended_altars

Skill      XL: |  1  2  3  4  5  6  7  8 |
---------------+-------------------------+-----
Spellcasting   | 3 4 5 6 |  6.4
Fighting       | 1 2 3 |  3.2
Staves         | 1 2 |  2.6
Armour         | 1 2 |  2.6
Dodging        | 2 3 |  3.2
Evocations     | 1 2 |  2.4
Necromancy     | 5 6 |  6.4
Shields        | 1 2 |  2.2
Stealth        | |  1.5

Action                     |  1- 3 |  4- 6 |  7- 9 || total
---------------------------+-------+-------+-------++-------
  Melee: Unarmed           |    11 |       |       ||    11
         Club              |    48 |    31 |       ||    79
         Staff             |       |    45 |       ||    45
         Punch             |       |     4 |       ||     4
         Quarterstaff      |       |       |    37 ||    37
   Cast: Necrotise         |    75 |    96 |    48 ||   219
         Magic Dart        |       |    12 |       ||    12
         Animate Dead      |       |     1 |     6 ||     7
    Use: Scroll            |     2 |     9 |     5 ||    16
   Stab: Sleeping          |     3 |     1 |       ||     4
 Armour: Robe              |    29 |    14 |    16 ||    59
  Dodge: Dodged            |    65 |    73 |    57 ||   195
  Block: Other             |       |    19 |    27 ||    46
         Reflection        |       |       |     2 ||     2
